 Dungeon Crawl Stone Soup version 0.17.2-1-ge4368a0 (webtiles) character file.

574 Goblin1989 the Ruffian (level 7, 0/66 HPs)
             Began as a Troll Fighter on Sept 1, 2016.
             Slain by Sigmund
             ... wielding a +0 scythe
              (2 damage)
             ... on level 6 of the Dungeon on Sept 2, 2016.
             The game lasted 00:13:48 (1769 turns).

Goblin1989 the Ruffian (Troll Fighter)              Turns: 1769, Time: 00:13:48

Health: 0/66       AC:  5    Str: 25    XL:     7   Next: 12%
Magic:  6/6        EV:  7    Int: 11    God:
Gold:   110        SH:  8    Dex:  7    Spells: 0 memorised, 6 levels left

rFire  . . .     SeeInvis .       - Unarmed
rCold  . . .     Clarity  .     a - +0 robe
rNeg   . . .     SustAt   .     b - +0 shield
rPois  .         Gourm    +     (helmet restricted)
rElec  .         Spirit   .     (no cloak)
rCorr  .         Warding  .     (gloves unavailable)
rMut   .         Stasis   .     (boots unavailable)
MR     .....                    (no amulet)
Stlth  ..........               f - -2 ring of dexterity (curse)
                                e - ring of loudness (curse)

@: brilliant, not resistant to hostile enchantments, extremely unstealthy
A: unfitting armour, claws 3, fast metabolism 3, gourmand, regeneration 2,
shaggy fur 1, tough skin 2
a: no special abilities


You were on level 6 of the Dungeon.
You were very hungry.

You visited 1 branch of the dungeon, and saw 6 of its levels.

You collected 110 gold pieces.

Inventory:

Armour
 a - a +0 robe (worn)
 b - a +0 shield (worn)
Jewellery
 e - a cursed ring of loudness (left claw)
 f - a cursed -2 ring of dexterity (right claw)
 k - a +1 ring of protection
Scrolls
 h - a scroll of teleportation
 i - 2 scrolls of magic mapping
 l - a scroll of recharging
Potions
 c - a potion of invisibility
 g - a potion of heal wounds {unknown}
 j - a potion of curing
 q - a potion of magic {unknown}
 s - a potion of cancellation {unknown}
Comestibles
 d - 4 bread rations
 n - 2 meat rations
 o - 6 fruits


   Skills:
 - Level 2.4 Fighting
 - Level 2.4 Dodging
 - Level 2.4 Shields
 + Level 7.9 Unarmed Combat


You had 6 spell levels left.
You didn't know any spells.

Dungeon Overview and Level Annotations

Branches:
Dungeon (6/15)
 Temple: D:4-7

Altars:
Cheibriados
Dithmenos
Kikubaaqudgha
Makhleb
Nemelex Xobeh

Annotations:
D:6 Sigmund


Innate Abilities, Weirdness & Mutations

You are too large for most types of armour.
You have claws for hands.
Your metabolism is lightning-fast.
You like to eat raw meat.
You heal very quickly.
You are covered in fur (AC +1).
You have very tough skin (AC +2).


Message History

You are more poisoned.
The scorpion poisons you! Something hits you.
* * * LOW HITPOINT WARNING * * *
You take 10 damage, and have 4/66 hp.
You barely miss something.
* * * LOW HITPOINT WARNING * * *
You feel sick. You block the scorpion's attack.
You take 1 damage, and have 3/66 hp.
Drink which item? (? for menu, Esc to quit)
You feel better. Something hits you!
* * * LOW HITPOINT WARNING * * *
The scorpion stings you.
* * * LOW HITPOINT WARNING * * *
You take 1 damage, and have 2/66 hp.
Drink which item? (? for menu, Esc to quit)
It was a potion of brilliance.
You feel clever all of a sudden.
The scorpion stings you but does no damage.
Something hits you.
You die...

.# .# .# .##.#
####.##.# #....##.# ..
#.@{.##.# #.
#.#s..###># #.###
#.......#.# #....
#.##.##.#.# ...## #.
#.##.#.######## #... .
#.............. .#..#
............#######
...<#
###.#####..........###.
.##.#
......###.###.....


You could see a scorpion.

Vanquished Creatures
  Grinder (D:5)
  A phantom (D:5)
  A crimson imp (D:5)
  3 orc wizards (D:3)
  A hound (D:4)
  2 worker ants
  4 adders
  An ooze (D:1)
  A worm (D:4)
  An adder skeleton (D:4)
  6 orcs (D:3)
  A ball python (D:3)
  3 goblins
  5 hobgoblins
  4 kobolds
  2 giant cockroaches
  3 giant geckos
  A giant newt (D:2)
  3 quokkas (D:4)
  A quokka skeleton (D:5)
  2 rats
47 creatures vanquished.

Notes
Turn   | Place    | Note
--------------------------------------------------------------
     0 | D:1      | Goblin1989 the Troll Fighter began the quest for the Orb.
     0 | D:1      | Reached XP level 1. HP: 22/22 MP: 0/0
    75 | D:1      | Reached XP level 2. HP: 29/29 MP: 1/1
   137 | D:2      | Reached skill level 3 in Unarmed Combat
   218 | D:3      | Reached skill level 4 in Unarmed Combat
   218 | D:3      | Reached XP level 3. HP: 17/36 MP: 2/2
   228 | D:3      | Reached XP level 4. HP: 24/44 MP: 3/3
   373 | D:3      | Reached skill level 5 in Unarmed Combat
   540 | D:3      | Found a sparkling altar of Nemelex Xobeh.
   569 | D:4      | Reached XP level 5. HP: 50/50 MP: 4/4
   583 | D:4      | Found a snail-covered altar of Cheibriados.
   644 | D:5      | Entered Level 5 of the Dungeon
   644 | D:5      | Noticed Grinder
   840 | D:4      | Found a burning altar of Makhleb.
   868 | D:5      | Killed Grinder
   868 | D:5      | Reached skill level 6 in Unarmed Combat
   868 | D:5      | Reached XP level 6. HP: 30/59 MP: 5/5
   890 | D:5      | Noticed a phantom
   920 | D:5      | Killed a phantom
   920 | D:5      | Reached skill level 7 in Unarmed Combat
   970 | D:5      | Noticed a troll
  1043 | D:3      | Reached XP level 7. HP: 43/66 MP: 6/6
  1572 | D:4      | Found a shadowy altar of Dithmenos.
  1734 | D:6      | Found an ancient bone altar of Kikubaaqudgha.
  1747 | D:6      | Noticed Sigmund
  1767 | D:6      | HP: 3/66 [poisoned by a scorpion]
  1769 | D:6      | Slain by Sigmund

Action                   |  1- 3 |  4- 6 |  7- 9 || total
-------------------------+-------+-------+-------++-------
Melee: Unarmed           |    44 |    68 |    42 ||   154
  Use: Potion            |       |     1 |     2 ||     3
       Scroll            |       |       |     5 ||     5
  Eat: Chunk             |       |    10 |     2 ||    12
